 Dungeon Crawl Stone Soup version 0.23.2-30-g0e89c35 (webtiles) character file.

Game seed: 12902301831454537303

98 Fortress the Firebug (level 4, 0/33 HPs)
             Began as a Draconian Fire Elementalist on June 14, 2019.
             Slain by an orc
             ... wielding a +0 short sword
              (1 damage)
             ... on level 3 of the Dungeon.
             The game lasted 00:09:19 (2135 turns).

Fortress the Firebug (Draconian Fire Elementalist)  Turns: 2135, Time: 00:09:20

Health: 0/33       AC:  6    Str: 10    XL:     4   Next: 44%
Magic:  3/8        EV: 12    Int: 16    God:
Gold:   182        SH:  0    Dex: 12    Spells: 7/8 levels left

rFire    . . .     SeeInvis .   p - +0 dagger (freeze)
rCold    . . .     Gourm    .   (no shield)
rNeg     . . .     Faith    .   (armour unavailable)
rPois    .         Spirit   .   (helmet restricted)
rElec    .         Reflect  .   r - +0 cloak
rCorr    .         Harm     .   (no gloves)
MR       .....                  (no boots)
Stlth    ++........             (no amulet)
HPRegen  0.11/turn              (no ring)
MPRegen  0.11/turn              (no ring)

@: about to teleport, very slightly contaminated
A: unfitting armour, cold-blooded, AC +5
a: no special abilities


You were on level 3 of the Dungeon.
You were not hungry.

You visited 1 branch of the dungeon, and saw 3 of its levels.

You collected 182 gold pieces.

Inventory:

Hand Weapons
 d - a +0 short sword
 p - a +0 dagger of freezing (weapon)
Missiles
 e - 47 stones (quivered)
 j - 47 sling bullets
 n - 9 poisoned needles
Armour
 r - a +0 cloak (worn)
Scrolls
 a - a scroll of immolation {unknown}
 f - 3 scrolls of teleportation
 g - 3 scrolls of identify
 h - a scroll of remove curse
 k - a scroll of amnesia {unknown}
 l - 2 scrolls of noise {unknown}
 q - a scroll of enchant armour {unknown}
Potions
 c - a potion of ambrosia {unknown}
 i - 2 potions of haste
 m - a potion of degeneration {unknown}
 o - a potion of lignification {unknown}
Comestibles
 b - 3 rations


   Skills:
 - Level 2.0 Dodging
 + Level 2.3 Stealth
 + Level 2.8 Spellcasting
 + Level 1.9 Conjurations
 + Level 3.9 Fire Magic


You had 7 spell levels left.
You knew the following spells:

 Your Spells              Type           Power        Failure   Level  Hunger
a - Flame Tongue          Conj/Fire      ##...        5%          1    #......

Your spell library contained the following spells:

 Spells                   Type           Power        Failure   Level  Hunger
 Throw Flame              Conj/Fire      ##....       9%          2    ##.....
 Conjure Flame            Conj/Fire      ##......     17%         3    ###....
 Inner Flame              Hex/Fire       #.......     26%         3    ###....
 Sticky Flame             Conj/Fire      ##......     50%         4    #####..
 Fireball                 Conj/Fire      ##........   83%         5    ######.


Dungeon Overview and Level Annotations

Branches:
Dungeon (3/15)

Altars:
Elyvilon
Fedhas
Trog
The Shining One


Innate Abilities, Weirdness & Mutations

Your plain brown scales are hard. (AC +5)
You cannot fit into any form of body armour.
You are cold-blooded and may be slowed by cold attacks.


Message History

The orc wizard casts a spell.
The orc wizard seems to speed up.
The orc hits you.
* * * LOW HITPOINT WARNING * * *
Okay, then.
Okay, then.
As you read the scroll of teleportation, it crumbles to dust.
You feel strangely unstable. The orc hits you but does no damage.
The orc wizard hits you with a +0 dagger.
* * * LOW HITPOINT WARNING * * *
The orc closely misses you.
You closely miss the orc wizard.
The orc wizard is severely wounded.
The orc wizard gestures at you while chanting.
The puff of flame misses you. The orc closely misses you.
The orc wizard hits you but does no damage.
The orc hits you but does no damage.
You hit the orc wizard but do no damage.
The orc wizard is severely wounded.
The orc hits you with a +0 short sword.
You die...

#...... ..# .. #....###
..#... ########+#.......
...#...
.............######...#
..........#...........#
......................#
............######....###
............# #.......
........@...# #.......
.......ooo..# #.†.....
....%.....########.......
..........# .............
.........# .............
.........# .........##..
.........# .........##..
.......### .........##..
....... .........##..


You could see an orc wizard and 2 orcs.

Vanquished Creatures
  3 adders
  4 dart slugs
  3 leopard geckos
  An orc (D:3)
  A giant cockroach (D:3)
  7 hobgoblins
  5 jackals (D:1)
  4 bats
  5 frilled lizards
  11 goblins
  8 kobolds
  6 rats
58 creatures vanquished.

Notes
Turn   | Place    | Note
-------+----------+-------------------------------------------
     0 | D:1      | Fortress the Draconian Fire Elementalist began the quest
                  | for the Orb.
     0 | D:1      | Reached XP level 1. HP: 14/14 MP: 3/3
    37 | D:1      | Found a glowing golden altar of the Shining One.
   133 | D:1      | Reached XP level 2. HP: 7/20 MP: 0/5
   652 | D:1      | Reached XP level 3. HP: 26/26 MP: 4/6
  1191 | D:2      | Reached XP level 4. HP: 33/33 MP: 2/7
  1417 | D:2      | Found a blossoming altar of Fedhas.
  1573 | D:2      | Found a bloodstained altar of Trog.
  1964 | D:3      | Found a white marble altar of Elyvilon.
  2133 | D:3      | HP: 1/33 [orc wizard/+0 dagger (1)]
  2135 | D:3      | Slain by an orc

Skill      XL: |  1  2 |
---------------+-------+-----
Stealth        | 2 |  2.3
Dodging        | 2 |  2.0
Spellcasting   | |  2.8
Conjurations   | |  1.9
Fire Magic     | |  3.9

Action                   |  1- 3 |  4- 6 || total
-------------------------+-------+-------++-------
Melee: Unarmed           |    28 |       ||    28
       Tailslap          |     6 |     1 ||     7
       Short sword       |     5 |       ||     5
       Dagger            |       |    12 ||    12
 Cast: Flame Tongue      |    54 |    36 ||    90
  Use: Scroll            |       |     4 ||     4
  Eat: Chunk             |     2 |     3 ||     5
Armor: Skin              |    25 |     7 ||    32
Dodge: Dodged            |    47 |    18 ||    65
